Map: Odyssey LE

Players

BackupC (Dolan) - Winner!

  • Race: Terran Terran
  • Spawn Location: 11:00

Harstem

  • Race: Protoss Protoss
  • Spawn Location: 5:00

Event: WCS Montreal 2017

VOD

Have the link to the VOD?

Description

Time

  • Played on: Sept. 8, 2017, 2:22 p.m.
  • Length: 7:40

All games in this series

Show
View Real Time Build Order
Export as new Build Order

BackupC Terran - Winner!

Build Orders: 1/1/1, Liberator Opening 

Get SALT Encoding   

  12  0:00  SCV  
  13  0:13  SCV  
  14  0:17  Supply Depot  
  14  0:25  SCV  
  14  0:27  Refinery  
  15  0:38  SCV  
  16  0:44  Barracks  
  16  0:50  SCV  
  17  1:02  SCV  
  18  1:14  SCV  
  19  1:31  Orbital Command, Marine  
  20  1:33  Factory  
  20  1:47  Refinery  
  20  1:49  Barracks Reactor  
  20  1:52  Supply Depot  
  20  1:59  SCV  
  21  2:11  SCV  
  22  2:17  Widow Mine  
  24  2:23  SCV  
  24  2:24  Starport  
  24  2:27  Supply Depot, Marine x2  
  27  2:35  SCV  
  28  2:45  Marine x2  
  28  2:48  Widow Mine  
  32  2:51  Engineering Bay  
  32  3:00  Supply Depot, Medivac  
  34  3:10  Marine x2  
  36  3:19  Factory Tech Lab  
  36  3:28  Marine x2, Missile Turret  
  36  3:33  Liberator  
  38  3:50  Siege Tank  
  38  3:51  Marine x2  
  38  3:54  SCV  
  38  3:55  Supply Depot  
  47  4:07  Supply Depot  
  47  4:09  Marine x2  
  49  4:19  Bunker  
  49  4:27  Marine x2  
  49  4:28  Liberator  
  51  4:45  Siege Tank  
  57  5:03  Bunker, Marine x2  
  59  5:15  Bunker  
  59  5:17  Liberator  
  59  5:21  Marine x2  
  58  6:16  Marine x2  
  58  6:25  Liberator  
  41  6:41  Marine x2  
  41  6:46  Barracks  
  46  6:48  Factory  
  46  6:50  Barracks  
  43  6:54  Command Center  
  42  7:08  SCV  
  39  7:20  SCV  
Show
View Real Time Build Order
Export as new Build Order

Harstem Protoss 

Build Orders: 1 Gate Expand 

Get SALT Encoding   

  12  0:01  Probe (Chrono Boost)  
  13  0:12  Probe (Chrono Boost)  
  14  0:19  Pylon  
  14  0:22  Probe (Chrono Boost)  
  15  0:37  Probe (Chrono Boost), Gateway  
  16  0:47  Probe (Chrono Boost)  
  16  0:48  Assimilator  
  17  0:58  Probe (Chrono Boost)  
  18  1:08  Probe (Chrono Boost)  
  19  1:19  Probe (Chrono Boost)  
  20  1:26  Nexus  
  20  1:33  Cybernetics Core  
  20  1:36  Probe (Chrono Boost)  
  21  1:45  Assimilator  
  21  1:46  Probe (Chrono Boost)  
  22  1:51  Pylon  
  22  1:58  Probe (Chrono Boost)  
  22  2:10  Mothership Core (Chrono Boost)  
  26  2:16  Stalker (Chrono Boost)  
  26  2:28  Probe (Chrono Boost)  
  27  2:34  Robotics Facility  
  27  2:37  Pylon  
  27  2:38  Probe (Chrono Boost)  
  27  2:40  Probe (Chrono Boost)  
  29  2:45  Warp Gate (Chrono Boost)  
  29  2:49  Probe (Chrono Boost)  
  30  2:52  Probe (Chrono Boost)  
  30  2:56  Stalker  
  31  3:03  Probe (Chrono Boost)  
  31  3:04  Probe (Chrono Boost)  
  35  3:15  Probe x2 (Chrono Boost)  
  37  3:23  Stalker  
  37  3:24  Probe (Chrono Boost)  
  37  3:25  Probe (Chrono Boost)  
  41  3:28  Observer (Chrono Boost)  
  41  3:32  Pylon  
  42  3:38  Gateway  
  42  3:39  Gateway  
  42  3:43  Probe  
  42  3:44  Probe  
  42  3:50  Observer (Chrono Boost)  
  42  3:54  Pylon  
  43  4:04  Pylon  
  43  4:06  Immortal  
  43  4:07  Probe  
  44  4:13  Probe  
  49  4:20  Probe  
  50  4:25  Probe  
  51  4:37  Pylon  
  51  4:40  Warp Prism  
  51  4:42  Adept x3  
  51  4:43  Gateway  
  59  4:45  Gateway  
  59  4:49  Pylon  
  59  5:08  Stalker x2  
  59  5:12  Immortal  
  63  5:15  Pylon  
  65  5:28  Pylon  
  63  5:33  Stalker x3  
  66  5:40  Pylon  
  66  5:42  Adept  
  55  5:56  Adept  
  61  6:03  Adept  
  51  6:31  Stalker x3  
  29  6:50  Zealot  
  29  6:52  Probe (Chrono Boost)  
  30  7:05  Zealot  
  30  7:07  Probe (Chrono Boost)  
  27  7:22  Zealot  
  21  7:24  Probe (Chrono Boost)  
Tags
 
Add a new tag
Caveats
  • Supply blocks, unpowered buildings, or Contaminate may cause inaccurate times.
  • Supply counts are checked every 10 seconds.